 Dungeon Crawl Stone Soup version 0.19.1 (webtiles) character file.

53295 XO4YCPATb the Fencer (level 14, -29/116 HPs)
             Began as a Minotaur Fighter on Dec 2, 2016.
             Was a High Priest of the Shining One.
             Annihilated by an Ice Fiend (50 damage)
             ... on level 1 of the Depths.
             The game lasted 01:03:39 (18636 turns).

XO4YCPATb the Fencer (Minotaur Fighter)            Turns: 18636, Time: 01:03:41

Health: -29/116    AC: 19    Str: 33    XL:     14   Next: 30%
Magic:  11/21      EV: 16    Int:  9    God:    the Shining One [*****.]
Gold:   645        SH: 16    Dex: 17    Spells: 0 memorised, 13 levels left

rFire  + + .     SeeInvis .     a - +0 scimitar
rCold  . . .     Gourm    .     M - +2 chain mail {rF+}
rNeg   + + .     Faith    .     c - +0 shield
rPois  +         Spirit   .     (helmet restricted)
rElec  +         Reflect  .     E - +0 cloak "Koamud" {Str+3 Int+3 Dex+4}
rCorr  .         Harm     .     p - +0 pair of gloves
MR     +....                    F - +2 pair of boots
Stlth  ..........               (no amulet)
                                V - ring "Yffion" {Wiz rElec rPois Dex+3}
                                x - +3 ring of evasion

@: mighty, very slightly contaminated, glowing
A: retaliatory headbutt, horns 2, fire resistance 1
a: Divine Shield, Cleansing Flame, Summon Divine Warrior, Renounce Religion


You were on level 1 of the Depths.
You worshipped the Shining One.
The Shining One was extremely pleased with you.
You were hungry.

You visited 3 branches of the dungeon, and saw 17 of its levels.

You collected 841 gold pieces.
You spent 196 gold pieces at shops.

Inventory:

Hand Weapons
 a - a +0 scimitar (weapon)
 b - a +0 short sword
 w - a +2 long sword of holy wrath
Armour
 c - a +0 shield (worn)
 p - a +0 pair of gloves (worn)
 E - the +0 cloak "Koamud" (worn) {Str+3 Int+3 Dex+4}
   (You found it on level 5 of the Dungeon)

   It affects your strength (+3).
   It affects your intelligence (+3).
   It affects your dexterity (+4).
 F - a +2 pair of boots (worn)
 M - a +2 chain mail of fire resistance (worn)
Jewellery
 n - an uncursed ring of magical power
 x - a +3 ring of evasion (left hand)
 O - an uncursed ring of resist corrosion
 V - the ring "Yffion" (right hand) {Wiz rElec rPois Dex+3}
   (You found it on level 11 of the Dungeon)

   [ring of wizardry]

   It improves your spell success rate.
   It affects your dexterity (+3).
   It insulates you from electricity.
   It protects you from poison.
Wands
 i - a wand of teleportation (4/9)
 v - a wand of confusion (16/48)
 G - a wand of iceblast (0/15)
 H - a wand of disintegration (11/24)
 I - a wand of disintegration (8/24)
 L - a wand of confusion (8/48)
 U - a wand of paralysis (4/24)
Scrolls
 h - 3 scrolls of immolation
 l - 3 scrolls of noise
 m - a scroll of fog
 q - 4 scrolls of teleportation
 s - 8 scrolls of remove curse
 y - 2 scrolls of vulnerability
 S - a scroll of fear
 W - 2 scrolls of magic mapping
Potions
 e - 4 potions of flight
 j - a potion of agility
 k - 2 potions of ambrosia
 t - a potion of lignification
 u - 4 potions of curing
 C - a potion of haste
 D - 2 potions of resistance
 K - a potion of heal wounds
 P - 2 potions of cancellation
Comestibles
 f - 10 bread rations
 g - 12 fruits
 o - 7 chunks of flesh


   Skills:
 + Level 8.9 Fighting
 + Level 16.2 Long Blades
 + Level 8.9 Armour
 + Level 5.8 Dodging
 - Level 0.5 Stealth
 - Level 16.0 Shields
 * Level 11.6 Invocations


You had 13 spell levels left.
You didn't know any spells.

Dungeon Overview and Level Annotations

Branches:
Dungeon (15/15)            Temple (1/1) D:7            Lair (0/6) D:8
 Vaults (0/5) D:13         Depths (1/5) D:15
    Orc: D:9-12

Altars:
Ashenzari
Cheibriados
Dithmenos
Elyvilon
Fedhas
Gozag
Hepliaklqana
Kikubaaqudgha
Makhleb
Nemelex Xobeh
Okawaru
Qazlal
Ru
Sif Muna
Trog
Uskayaw
Vehumet
Xom
The Shining One

Shops:
D:13 !


Innate Abilities, Weirdness & Mutations

You reflexively headbutt those who attack you in melee.
You have a pair of horns on your head.
Your flesh is heat resistant. (rF+)


Message History

You feel much better.
You feel very mighty all of a sudden.
You close the door.
An Ice Fiend opens the door.
The Ice Fiend gestures at you. The bolt of cold hits you!
* * * LOW HITPOINT WARNING * * *
There is an open door here.
You are too injured to fight recklessly!
Unknown command.
You slash the Ice Fiend!
You headbutt the Ice Fiend, but do no damage.
The Ice Fiend is almost dead.
You slash the Ice Fiend!
You headbutt the Ice Fiend, but do no damage.
The Ice Fiend is almost dead.
The Ice Fiend claws you!
* * * LOW HITPOINT WARNING * * *
The Ice Fiend freezes you!!!
You die...

#.......#.# #.##.#####......
+.......#(# #.##............
+##.......#'######.##............
..........รท(....##.######+#......
................##........+......
................#.........#......
...............u#[#######.#......
..............Yu#.#######.#.....#
...........?...1@<......).#....#.
...............u#.#########.....#
########'#####'##.# ####.#.
#.......##.# ..# #..###..##.# .#.
#..# #.....# ..# #### #######


You could see a green very ugly thing, an Ice Fiend, 2 ugly things and an ice
beast.

Vanquished Creatures
  A stone giant (Depths:1)
  A merfolk impaler (Depths:1)
  A fire dragon (Depths:1)
  A vault guard (D:13)
  An ice dragon (Depths:1)
  A yaktaur captain (D:15)
  Erolcha (D:10)
  3 hydras
  3 centaur warriors
  A tengu warrior (Depths:1)
  A deep troll earth mage (Depths:1)
  The ghost of lorenzova the Thaumaturge, a journeyman DECj of Vehumet (D:10)
  A sun demon (Depths:1)
  Sonja (D:15)
  A sixfirhy (Depths:1)
  3 deep trolls (Depths:1)
  An unseen horror (D:13)
  A wizard (D:14)
  6 hill giants
  2 necromancers (D:13)
  An orc knight (D:15)
  3 deep elf magi
  5 ugly things
  3 cyclopes
  The ghost of Melicamp the Ruffian, a novice NaTm (D:4)
  3 gargoyles
  3 freezing wraiths
  3 yaktaurs (D:15)
  2 ice devils (Depths:1)
  A tormentor (Depths:1)
  A komodo dragon (D:12)
  A tengu conjurer (D:13)
  3 meliai (D:15)
  A troll (D:12)
  A polar bear (shapeshifter) (D:13)
  2 polar bears (Depths:1)
  3 slime creatures (D:15)
  A hornet (D:10)
  A two-headed ogre (D:10)
  3 hippogriffs
  A meliai zombie (D:13)
  3 vampires
  2 wraiths (D:15)
  22 humans (D:13)
  A fire bat (shapeshifter) (D:14)
  17 yaks
  A steam dragon (D:13)
  A basilisk (D:15)
  7 vampire mosquitoes (D:14)
  2 hungry ghosts
  A warg (D:15)
  Edmund (D:5)
  A hornet zombie (D:13)
  11 orc warriors
  2 black bears
  An eye of draining (D:9)
  2 sky beasts
  4 ice beasts
  5 phantoms
  7 ogres
  17 centaurs
  2 crocodiles
  12 bullfrogs
  5 big kobolds
  A gnoll sergeant (D:8)
  3 scorpions
  2 wyvern skeletons
  6 killer bees
  4 howler monkeys
  14 wights
  The ghost of kengeki the Firebug, a weakling HEFE (D:3)
  10 crimson imps
  3 centaur zombies
  4 jellies
  2 bullfrog zombies
  A quasit (D:8)
  6 hounds
  9 orc priests
  4 centaur skeletons
  Ijyb (D:4)
  An iguana (D:7)
  11 worker ants
  11 orc wizards
  7 gnolls
  12 adders
  5 shadow imps
  An ooze (D:6)
  An adder skeleton (D:9)
  3 adder zombies
  3 dart slugs
  5 leopard geckos
  56 orcs
  2 ball pythons
  6 bats
  7 giant cockroaches
  12 goblins
  3 hobgoblins
  19 jackals
  5 quokkas
  4 frilled lizards
  25 kobolds
  A leopard gecko skeleton (D:8)
  2 leopard gecko zombies
  9 rats
484 creatures vanquished.

Vanquished Creatures (collateral kills)
  The ghost of KarmaPolice the Whirler, an adept HaHu of Okawaru (D:14)
  A centaur warrior (D:14)
  A hill giant (D:14)
  9 ugly things (D:14)
  A harpy zombie (D:14)
  An orc warrior (D:14)
  2 centaurs (D:14)
  An orc (D:14)
17 creatures vanquished.

Vanquished Creatures (others)
  2 centaur warriors (D:13)
  A gargoyle (D:13)
  A crocodile (D:13)
  A bullfrog (D:13)
  A worker ant (D:13)
6 creatures vanquished.

Grand Total: 507 creatures vanquished

Notes
Turn   | Place    | Note
-------+----------+-------------------------------------------
     0 | D:1      | XO4YCPATb the Minotaur Fighter began the quest for the Orb.
     0 | D:1      | Reached XP level 1. HP: 19/19 MP: 0/0
   405 | D:1      | Reached XP level 2. HP: 20/26 MP: 1/1
  1038 | D:2      | Reached XP level 3. HP: 30/31 MP: 2/2
  1159 | D:2      | Reached skill level 1 in Dodging
  1389 | D:3      | Reached XP level 4. HP: 37/39 MP: 3/3
  1658 | D:3      | Reached XP level 5. HP: 45/45 MP: 4/4
  1670 | D:3      | Reached skill level 5 in Long Blades
  1760 | D:3      | Noticed kengeki's ghost (weakling HEFE)
  1768 | D:3      | Killed kengeki's ghost
  1928 | D:3      | Found a blossoming altar of Fedhas.
  1935 | D:3      | Found a deep blue altar of Sif Muna.
  1935 | D:3      | Found a burning altar of Makhleb.
  1936 | D:3      | Found a shadowy altar of Dithmenos.
  1937 | D:3      | Found a hide-covered altar of Uskayaw.
  1945 | D:3      | Found a radiant altar of Vehumet.
  2345 | D:4      | Reached skill level 5 in Shields
  2385 | D:4      | Reached XP level 6. HP: 41/51 MP: 5/5
  2447 | D:4      | Noticed Ijyb
  2459 | D:4      | Paralysed by Ijyb for 2 turns
  2468 | D:4      | Killed Ijyb
  2584 | D:4      | Noticed Melicamp's ghost (novice NaTm)
  2602 | D:4      | Killed Melicamp's ghost
  2602 | D:4      | Reached XP level 7. HP: 53/57 MP: 6/6
  3472 | D:5      | Entered Level 5 of the Dungeon
  3593 | D:5      | Noticed Edmund
  3614 | D:5      | Killed Edmund
  4150 | D:5      | Got a distressingly furry cloak
  4156 | D:5      | Identified the +0 cloak "Koamud" {Str+3 Int+3 Dex+4} (You found it on level 5 of the Dungeon)
  4268 | D:5      | Reached XP level 8. HP: 49/64 MP: 7/7
  4916 | D:6      | Reached skill level 10 in Long Blades
  5454 | D:6      | Got a slimy hand crossbow
  5455 | D:6      | Identified the cursed +1 hand crossbow "Lysasor" {penet, Dex+3} (You found it on level 6 of the Dungeon)
  5657 | D:7      | Found a staircase to the Ecumenical Temple.
  5666 | Temple   | Entered the Ecumenical Temple
  5705 | Temple   | Became a worshipper of the Shining One
  5840 | D:7      | Reached XP level 9. HP: 70/70 MP: 8/8
  5858 | D:7      | Reached skill level 1 in Invocations
  5939 | D:7      | Found a snail-covered altar of Cheibriados.
  6796 | D:8      | Reached * piety under the Shining One
  7270 | D:8      | Found a staircase to the Lair.
  7457 | D:8      | Reached XP level 10. HP: 77/77 MP: 12/12
  7894 | D:9      | Reached skill level 10 in Shields
  7947 | D:9      | Reached ** piety under the Shining One
  8012 | D:9      | Reached skill level 5 in Invocations
  8319 | D:10     | Entered Level 10 of the Dungeon
  8325 | D:10     | Noticed lorenzova's ghost (journeyman DECj)
  8347 | D:10     | Killed lorenzova's ghost
  8989 | D:10     | Noticed Erolcha
  8990 | D:10     | Reached *** piety under the Shining One
  9013 | D:10     | Killed Erolcha
  9049 | D:10     | Noticed a hill giant
  9055 | D:10     | Killed a hill giant
  9055 | D:10     | Reached XP level 11. HP: 82/82 MP: 14/14
  9841 | D:11     | Got a slimy dagger
  9866 | D:11     | Identified the +4 dagger of the Unseen Realm {pain, rN+ Str+4} (You found it on level 11 of the Dungeon)
  9870 | D:11     | Noticed a seven-headed hydra
  9882 | D:11     | Noticed a purple ugly thing
  9887 | D:11     | Noticed a seven-headed hydra
 10208 | D:11     | Killed a purple ugly thing
 10595 | D:11     | Got a scintillating brass ring
 10597 | D:11     | Identified the ring "Yffion" {Wiz rElec rPois Dex+3} (You found it on level 11 of the Dungeon)
 11222 | D:12     | Noticed a cyan ugly thing
 11239 | D:12     | Killed a cyan ugly thing
 11304 | D:12     | Noticed a centaur warrior
 11321 | D:12     | Killed a centaur warrior
 11556 | D:12     | Noticed a white ugly thing
 11564 | D:12     | Killed a white ugly thing
 11753 | D:12     | Noticed a deep elf mage
 11780 | D:12     | Killed a deep elf mage
 11957 | D:12     | Noticed a hill giant
 11966 | D:12     | Killed a hill giant
 12194 | D:14     | Noticed KarmaPolice's ghost (adept HaHu)
 12207 | D:13     | Killed a centaur warrior
 12211 | D:13     | Killed a centaur warrior
 12244 | D:13     | Noticed an unseen horror
 12252 | D:13     | Killed an unseen horror
 12252 | D:13     | Reached XP level 12. HP: 73/90 MP: 17/17
 12750 | D:13     | Reached **** piety under the Shining One
 12958 | D:13     | Reached skill level 15 in Shields
 13221 | D:13     | Found a gate to the Vaults.
 13221 | D:13     | Noticed a vault guard
 13261 | D:13     | Killed a vault guard
 13451 | D:13     | Noticed a five-headed hydra
 13458 | D:13     | Killed a five-headed hydra
 13460 | D:13     | Noticed a centaur warrior
 13477 | D:13     | Killed a centaur warrior
 13477 | D:13     | Reached skill level 5 in Fighting
 13477 | D:13     | Reached skill level 5 in Armour
 13698 | D:13     | Noticed a seven-headed hydra
 13819 | D:13     | Found Naurun's Distillery.
 13826 | D:13     | Found a shimmering altar of Xom.
 13827 | D:13     | Bought a potion of heal wounds for 70 gold pieces
 13827 | D:13     | Bought a potion of brilliance for 56 gold pieces
 13827 | D:13     | Bought a potion of heal wounds for 70 gold pieces
 13833 | D:13     | Reached skill level 10 in Invocations
 13873 | D:13     | Reached skill level 15 in Long Blades
 14354 | D:13     | Killed a seven-headed hydra
 14810 | D:14     | Reached XP level 13. HP: 103/103 MP: 19/19
 14813 | D:14     | Reached ***** piety under the Shining One
 15241 | D:14     | Killed KarmaPolice's ghost
 15659 | D:14     | Gained mutation: Your flesh is heat resistant. (rF+) [potion of beneficial mutation]
 15686 | D:15     | Entered Level 15 of the Dungeon
 15861 | D:15     | Found a staircase to the Depths.
 17068 | D:15     | Noticed Sonja
 17085 | D:15     | Killed Sonja
 17577 | Depths:1 | Entered Level 1 of the Depths
 17647 | Depths:1 | Reached ****** piety under the Shining One
 17663 | Depths:1 | Reached XP level 14. HP: 115/115 MP: 21/21
 17670 | Depths:1 | Reached skill level 5 in Dodging
 18177 | Depths:1 | Noticed a stone giant
 18189 | Depths:1 | Killed a stone giant
 18593 | Depths:1 | Noticed an Ice Fiend
 18606 | Depths:1 | Noticed a red very ugly thing
 18615 | Depths:1 | HP: 1/116 [Ice Fiend/bolt of cold (65)]
 18636 | Depths:1 | Annihilated by an Ice Fiend

Skill      XL: |  1  2  3  4  5  6  7  8  9 10 11 12 13 14 |
---------------+-------------------------------------------+-----
Shields        | 4 5 6 7 8 9 11 14 15 16 | 16.0
Long Blades    | 3 4 6 7 9 11 13 14 15 16 | 16.2
Dodging        | 1 2 4 5 |  5.8
Invocations    | 4 6 8 10 11 | 11.6
Fighting       | 6 8 |  8.9
Armour         | 6 8 |  8.9
Stealth        | |  0.5

Action                   |  1- 3 |  4- 6 |  7- 9 | 10-12 | 13-15 || total
-------------------------+-------+-------+-------+-------+-------++-------
Melee: Long sword        |    88 |   129 |   399 |    55 |    56 ||   727
       Headbutt          |    12 |    19 |    75 |   227 |   161 ||   494
       Scimitar          |       |       |       |   735 |   408 ||  1143
       Short sword       |       |       |       |    22 |     9 ||    31
Invok: Summon Divine War |       |       |       |       |     3 ||     3
       Divine Shield     |       |       |       |       |     2 ||     2
Evoke: Wand              |       |       |     2 |    19 |     7 ||    28
  Use: Scroll            |       |     5 |     6 |    11 |     4 ||    26
       Potion            |       |       |       |     5 |     5 ||    10
 Stab: Paralysed         |       |       |     9 |     7 |       ||    16
  Eat: Chunk             |     2 |     4 |    15 |    24 |    12 ||    57
       Pizza             |       |       |       |     1 |       ||     1
       Fruit             |       |       |       |     1 |     1 ||     2
Armor: Scale mail        |    21 |       |       |       |       ||    21
       Chain mail        |    24 |    66 |       |     6 |   123 ||   219
       Plate armour      |       |     5 |   139 |   226 |       ||   370
       Skin              |       |       |       |    49 |       ||    49
Dodge: Dodged            |    17 |    29 |    57 |   104 |   147 ||   354
Block: Shield            |    48 |    68 |   181 |   400 |   298 ||   995
       Rpst.: Long sword |     2 |     6 |    14 |     2 |     4 ||    28
       Scimitar          |       |       |       |    29 |    23 ||    52
